 Dungeon Crawl Stone Soup version 0.19.0-11-g3fc08b3 (webtiles) character file.

441 Larett the Covert (level 7, -3/38 HPs)
             Began as a Gargoyle Arcane Marksman on Nov 9, 2016.
             Killed by divine providence
             ... invoked by an orc priest
              (17 damage)
             ... on level 4 of the Dungeon.
             The game lasted 00:12:56 (4903 turns).

Larett the Covert (Gargoyle Arcane Marksman)        Turns: 4903, Time: 00:12:57

Health: -3/38      AC: 10    Str: 20    XL:     7   Next: 2%
Magic:  8/8        EV: 12    Int: 13    God:
Gold:   216        SH: 10    Dex: 14    Spells: 2 memorised, 5 levels left

rFire  + . .     SeeInvis .     a - +0 short sword (vamp)
rCold  . . .     Gourm    .     t - +2 leather armour {rF+}
rNeg   + . .     Faith    .     (no shield)
rPois  ∞         Spirit   .     o - +1 hat
rElec  +         Reflect  +     (no cloak)
rCorr  .         Harm     .     (no gloves)
MR     .....                    (no boots)
Stlth  ++++......               B - +6 amulet of reflection
                                (no ring)
                                v - +3 ring of dexterity

@: mighty
A: large bone plates 1, negative energy resistance 1, electricity resistance,
unbreathing, petrification resistance, rot immunity, AC +4
a: no special abilities


You were on level 4 of the Dungeon.
You were not hungry.

You visited 1 branch of the dungeon, and saw 6 of its levels.

You collected 216 gold pieces.

Inventory:

Hand Weapons
 a - a +0 vampiric short sword (weapon)
 b - a +0 hunting sling
 g - a +0 trident
 m - a +0 short sword
 z - a +0 short sword of flaming
 D - a +1 dagger of electrocution
Missiles
 d - 60 sling bullets
 h - 12 tomahawks (quivered)
 q - 68 stones
 s - a throwing net
 w - 10 arrows
 y - 3 javelins
Armour
 o - a +1 hat (worn)
 t - a +2 leather armour of fire resistance (worn)
Jewellery
 v - a +3 ring of dexterity (left hand)
 B - a +6 amulet of reflection (around neck)
Wands
 e - a wand of digging (11/24)
Scrolls
 k - a scroll of enchant armour
 r - 3 scrolls of teleportation
 u - a scroll of remove curse {unknown}
Potions
 l - a potion of ambrosia {!e}
 x - a potion of cure mutation {!q}
Books
 c - a book of Debilitation

   Spells                             Type                      Level
   a - Corona                         Hexes                        1
   b - Slow                           Hexes                        2
   c - Gell's Gravitas                Hexes/Translocation          3
   d - Inner Flame                    Hexes/Fire                   3
   e - Cause Fear                     Hexes                        4
   f - Leda's Liquefaction            Hexes/Earth                  4
 p - a book of Misfortune

   Spells                             Type                      Level
   a - Confusing Touch                Hexes                        1
   b - Confuse                        Hexes                        3
   c - Gell's Gravitas                Hexes/Translocation          3
   d - Petrify                        Transmutation/Earth          4
   e - Metabolic Englaciation         Hexes/Ice                    5
   f - Yara's Violent Unravelling     Hexes/Transmutation          5
Comestibles
 i - a beef jerky
 j - a meat ration
 A - 8 chunks of flesh {@w1}
 C - a bread ration


   Skills:
 - Level 1.1 Fighting
 - Level 1.7 Slings
 - Level 1.5 Dodging
 + Level 8.3 Stealth
 - Level 1.0 Spellcasting
 - Level 2.6 Hexes


You had 5 spell levels left.
You knew the following spells:

 Your Spells              Type           Power        Failure   Level  Hunger
a - Corona                Hex            #......      14%         1    ##.....
b - Slow                  Hex            #.......     21%         2    ###....


Dungeon Overview and Level Annotations

Branches:
Dungeon (6/15)
 Temple: D:4-7

Altars:
Elyvilon
Hepliaklqana
Okawaru


Innate Abilities, Weirdness & Mutations

You are resistant to torment.
Your stone body is resilient. (AC +4)
You are immune to poison.
You resist negative energy. (rN+)
You are resistant to electric shocks. (rElec)
You can survive without breathing.
You are immune to petrification.
You are immune to rotting.
You are partially covered in large bone plates. (SH +4)


Message History

The orc priest begins to cast a cantrip, but forgets the words!
The orc priest barely misses you.
You closely miss the orc priest.
The orc priest is severely wounded.
The orc priest calls down the wrath of Beogh upon you.
Pain shoots through your body!
* * * LOW HITPOINT WARNING * * *
The orc priest barely misses you.
You feel better. You block the orc priest's attack. x2
You feel very mighty all of a sudden.
The orc priest begins to cast a cantrip, but forgets the words!
The orc priest calls down the wrath of Beogh upon you.
Pain shoots through your body!
* * * LOW HITPOINT WARNING * * *
You puncture the orc priest!
You feel better.
You kill the orc priest!
You have reached level 7!
The orc priest mumbles some strange prayers to Beogh against you.
Beogh smites you!
You die...

..........# ..........#
########## ..........#
..$......## ..........###
.......... ...g........
.........# ..........#
.........# ........o.# ..
.........##########o##....
.......>.9o.(.(........o.#
#####.....###!......###o.#
#.....# #.......# .
###.....# #..........
........# ###########
........# .........#
.........# ........##


You could see an orc priest.

Vanquished Creatures
  A hound (D:5)
  The ghost of philosophygeek the Caller, a weakling DESu (D:3)
  An orc priest (D:4)
  Ijyb (D:2)
  Jessica (D:2)
  A centaur skeleton (D:4)
  2 orc wizards (D:5)
  A worker ant (D:6)
  7 adders
  2 gnolls
  2 oozes
  An adder skeleton (D:4)
  2 worms
  2 dart slugs
  A leopard gecko (D:1)
  6 orcs
  3 bats
  3 giant cockroaches
  9 goblins
  9 hobgoblins
  13 jackals
  A ball python (D:3)
  4 frilled lizards
  7 kobolds
  7 rats
88 creatures vanquished.

Notes
Turn   | Place    | Note
-------+----------+-------------------------------------------
     0 | D:1      | Larett the Gargoyle Arcane Marksman began the quest for the Orb.
     0 | D:1      | Reached XP level 1. HP: 12/12 MP: 2/2
   209 | D:1      | Reached skill level 1 in Stealth
   261 | D:1      | Reached XP level 2. HP: 13/16 MP: 3/3
   331 | D:1      | Reached skill level 2 in Stealth
   743 | D:1      | Reached skill level 3 in Stealth
   743 | D:1      | Reached XP level 3. HP: 20/20 MP: 4/4
  1218 | D:2      | Noticed Jessica
  1247 | D:2      | Killed Jessica
  1247 | D:2      | Reached skill level 4 in Stealth
  1247 | D:2      | Reached XP level 4. HP: 21/25 MP: 5/5
  1557 | D:2      | Reached skill level 5 in Stealth
  1718 | D:2      | Found a white marble altar of Elyvilon.
  1781 | D:2      | Noticed Ijyb
  1856 | D:2      | Killed Ijyb
  1856 | D:2      | Reached XP level 5. HP: 28/29 MP: 6/6
  2239 | D:2      | Found an iron altar of Okawaru.
  2374 | D:2      | Found a hazy altar of Hepliaklqana.
  2444 | D:2      | Reached skill level 6 in Stealth
  2816 | D:3      | Noticed philosophygeek's ghost (weakling DESu)
  2835 | D:3      | HP: 2/29 [white imp/puff of frost[philosophygeek's ghost] (4)]
  2844 | D:3      | Killed philosophygeek's ghost
  3345 | D:3      | Reached XP level 6. HP: 31/34 MP: 7/7
  3546 | D:3      | Learned a level 2 spell: Slow
  4133 | D:4      | Reached skill level 7 in Stealth
  4144 | D:4      | Gained mutation: Armour fits poorly on your strangely shaped body. [potion of mutation]
  4144 | D:4      | Gained mutation: You have large cloven feet. [potion of mutation]
  4144 | D:4      | Gained mutation: You tend to lose your temper in combat. [potion of mutation]
  4145 | D:4      | Gained mutation: You are frail. (-10% HP) [potion of mutation]
  4145 | D:4      | Gained mutation: You are partially covered in large bone plates. (SH +4) [potion of mutation]
  4145 | D:4      | Gained mutation: You are agile. (Dex +2) [potion of mutation]
  4146 | D:4      | Lost mutation: You are frail. (-10% HP) [potion of cure mutation]
  4146 | D:4      | Lost mutation: You tend to lose your temper in combat. [potion of cure mutation]
  4146 | D:4      | Lost mutation: You have large cloven feet. [potion of cure mutation]
  4146 | D:4      | Lost mutation: Armour fits poorly on your strangely shaped body. [potion of cure mutation]
  4146 | D:4      | Lost mutation: You are agile. (Dex +2) [potion of cure mutation]
  4376 | D:4      | HP: 3/34 [orc priest/divine providence (15)]
  4382 | D:5      | Entered Level 5 of the Dungeon
  4385 | D:5      | HP: 3/34 [orc (1)]
  4820 | D:5      | Reached skill level 8 in Stealth
  4900 | D:4      | HP: 6/34 [orc priest/nerve-wracking pain (2)]
  4903 | D:4      | Reached XP level 7. HP: 14/38 MP: 8/8
  4903 | D:4      | Killed from afar by an orc priest

Skill      XL: |  1  2  3  4  5  6 |
---------------+-------------------+-----
Stealth        | 1 3 4 5 6 8 |  8.3
Fighting       | |  1.1
Slings         | |  1.7
Dodging        | |  1.5
Spellcasting   | |  1.0
Hexes          | |  2.6

Action                   |  1- 3 |  4- 6 |  7- 9 || total
-------------------------+-------+-------+-------++-------
Melee: Short sword       |   113 |   487 |       ||   600
 Fire: Hunting sling     |    44 |       |       ||    44
Throw: Tomahawk          |       |     9 |       ||     9
  Use: Scroll            |       |     9 |       ||     9
       Potion            |       |     9 |       ||     9
 Stab: Sleeping          |     3 |     2 |       ||     5
       Distracted        |       |     1 |       ||     1
  Eat: Bread ration      |     1 |       |       ||     1
       Chunk             |     1 |    13 |       ||    14
Armor: Robe              |     5 |       |       ||     5
       Ring mail         |    53 |    79 |       ||   132
       Scale mail        |       |    83 |       ||    83
       Leather armour    |       |   150 |       ||   150
Dodge: Dodged            |    78 |   287 |       ||   365
Block: Other             |       |    82 |       ||    82
